 Dungeon Crawl Stone Soup version 0.30-a0-948-g4fa250aae5 (webtiles) character file.

Game seed: 10293432777684303144

42121 Lobster4 the Thaumaturge (level 14, -17/103 HPs)
             Began as a Djinni Fire Elementalist on Mar 26, 2023.
             Was a High Priest of Makhleb.
             Demolished by Donald
             ... wielding a +0 long sword
              (29 damage)
             ... on level 1 of the Orcish Mines.
             The game lasted 00:55:46 (20450 turns).

Lobster4 the Thaumaturge (DjFE)                    Turns: 20450, Time: 00:55:47

Health: -17/103    AC: 16    Str: 10    XL:     14   Next: 53%
Gold:   1716       EV: 11    Int: 21    God:    Makhleb [*****.] SH:  5 Dex: 15

rFire   + + +      SeeInvis .    a - +7 dagger of the Heavens {drain, *Corrode rC++ Str+3 Stlth+}
rCold   + + .      Faith    .    (no shield)
rNeg    + + .      Spirit   .    A - +5 scale mail "Feos" {rC+ rN++}
rPois   ∞          Reflect  +    (no helmet)
rElec   .          Rampage  .    (no cloak)
rCorr   +                        k - +1 pair of gloves
Will    ++...                    (boots unavailable)
Stlth   ++                       t - amulet of reflection
HPRegen 0.37/turn                F - ring of protection from fire
MPRegen 0.00/turn                E - ring "Joovuun" {Will+ rCorr MP+9}

@: flying
A: sickness immunity, fire resistance 2, cold vulnerability 1, float, innate
caster, HP casting, extra vitality 1
a: Renounce Religion, Minor Destruction, Lesser Servant of Makhleb, Major
Destruction, Greater Servant of Makhleb


You were on level 1 of the Orcish Mines.
You worshipped Makhleb.
Makhleb was extremely pleased with you.
You visited 4 branches of the dungeon, and saw 19 of its levels.
You also visited: Ossuary and Bailey.

You collected 2370 gold pieces.
You spent 654 gold pieces at shops.

Inventory:

Hand Weapons
 a - the +7 dagger of the Heavens (weapon) {drain, *Corrode rC++ Str+3 Stlth+}
   (You found it on level 3 of the Dungeon)

   Str:       It affects your strength (+3).
   rC:        It greatly protects you from cold.
   *Corrode:  It may corrode you when you take damage.
   Stlth:     It makes you more stealthy.
 b - a +1 heavy sling
 n - a +2 dagger of protection
 D - the +6 dagger "Wuvafeho" {flame, rElec Str-3 Int+3}
   (You found it on level 3 of the Lair of Beasts)

   Str:       It affects your strength (-3).
   Int:       It affects your intelligence (+3).
   rElec:     It insulates you from electricity.
 G - a +2 dagger of venom
 O - a +0 shortbow
Missiles
 m - 4 datura-tipped darts
 y - 13 curare-tipped darts
 B - 97 poisoned darts (quivered)
 M - 8 atropa-tipped darts
Armour
 g - a +3 leather armour
 k - a +1 pair of gloves (worn)
 A - the +5 scale mail "Feos" (worn) {rC+ rN++}
   (You bought it in a shop on level 6 of the Dungeon)

   rC:        It protects you from cold.
   rN:        It greatly protects you from negative energy.
 T - a +1 kite shield of protection
Jewellery
 q - an amulet of regeneration
 t - an amulet of reflection (around neck)
 E - the ring "Joovuun" (right hand) {Will+ rCorr MP+9}
   (You found it on level 3 of the Lair of Beasts)

   [ring of magical power]

   MP:        It affects your magic capacity (+9).
   rCorr:     It protects you from acid and corrosion.
   Will:      It increases your willpower.
 F - a ring of protection from fire (left hand)
 N - a ring of positive energy
 Q - a +4 ring of slaying
 V - a ring of protection from cold
Wands
 d - a wand of digging (8)
 h - a wand of paralysis (19)
 K - a wand of iceblast (13)
 L - a wand of flame (33)
 X - a wand of polymorph (7)
Scrolls
 e - 2 scrolls of brand weapon
 i - 2 scrolls of enchant armour
 j - a scroll of magic mapping
 w - a scroll of acquirement
 C - a scroll of blinking
 H - 11 scrolls of teleportation
 R - 2 scrolls of poison
 S - 2 scrolls of enchant weapon
 U - a scroll of fog
Potions
 f - 2 potions of heal wounds
 l - 7 potions of brilliance
 o - 4 potions of mutation
 p - 2 potions of lignification
 r - 4 potions of cancellation
 s - 7 potions of curing
 u - 3 potions of resistance
 v - a potion of berserk rage
 x - 4 potions of might
 z - 4 potions of invisibility
 I - 3 potions of haste


   Skills:
 + Level 10.8 Fighting
 - Level 2.0 Short Blades
 - Level 3.0 Throwing
 + Level 9.8 Armour
 - Level 8.0 Dodging
 - Level 2.0 Stealth
 + Level 7.5 Shields
 * Level 12.2 Spellcasting
 - Level 3.0 Invocations
 - Level 3.0 Evocations


You knew the following spells:

 Your Spells              Type           Power      Damage    Failure   Level
a - Foxfire               Conj/Fire      100%       2x1d9     1%          1
b - Scorch                Fire           100%       2d10      1%          2
c - Borgnjor's Vile Clut  Necr/Erth      29%        N/A       4%          5
d - Inner Flame           Hex/Fire       59%        N/A       1%          3
e - Flame Wave            Conj/Fire      59%        2d14      1%          4
f - Beastly Appendage     Tmut           100%       N/A       1%          1
g - Passwall              Tmut/Erth      49%        N/A       1%          2
h - Portal Projectile     Hex/Tloc       100%       N/A       1%          3
i - Vhi's Electric Charg  Tloc/Air       100%       N/A       1%          3
j - Yara's Violent Unrav  Hex/Tmut       29%        3d12      4%          5
k - Kindle Blastsparks    Fire/Tloc/Air  100%       2d18      1%          3
Your spell library was empty.

Dungeon Overview and Level Annotations

Branches:
Dungeon (11/15)            Temple (1/1) D:6            Lair (5/5) D:9
  Swamp (0/4) Lair:2       Spider (0/4) Lair:2        Slime (0/5) Lair:5
    Orc (2/2) D:10        Ossuary (visited)          Bailey (visited)
    Elf: Orc:2

Altars:
Ashenzari
Cheibriados
Dithmenos
Elyvilon
Fedhas
Gozag
Hepliaklqana
Makhleb
Nemelex Xobeh
Okawaru
Qazlal
Ru
Trog
Uskayaw
Wu Jian
Xom
Yredelemnul
Zin
The Shining One

Shops:
D:1 =   D:6 [   D:10 [

Annotations:
D:2 Sigmund
D:11 1 runed translucent door
Lair:3 Rupert
Lair:5 exclusion: 3 doors
Orc:1 Donald


Innate Abilities, Weirdness & Mutations

You are immune to sickness and miasma.
You are immune to poison.
Your flesh is very heat resistant. (rF++)
You are vulnerable to cold. (rC-)
You float through the air rather than walking.
You learn spells naturally, not from books.
Your magical power is your life essence.
You have superior vitality. (+4 MHP)


Message History

Aim: an orc, wielding a +0 falchion (100% to hit)
Zombie hands grab the orc.
The zombie hands constrict Donald!
The zombie hands constrict the orc.
Donald struggles to escape constriction.
Donald escapes!
You block the orc's attack.
The zombie hands constrict the orc!
You kill the orc!
Makhleb accepts your kill.
You feel better.
Things that are here:
a +0 leather armour; a +0 whip
Casting: Borgnjor's Vile Clutch (dangerous; 4% risk of failure)
Confirm with . or Enter, or press ? or * to list all spells.
Aiming: Borgnjor's Vile Clutch (dangerous; 4% risk of failure)
Press: ? - help, Shift-Dir - straight line, f - orc
Aim: an orc, wielding a +0 whip and wearing a +0 chain mail (100% to hit)
Your attack snaps the orc out of its fear.
Zombie hands grab the orc.
Zombie hands grab the orc priest.
The zombie hands constrict the orc priest!
The zombie hands constrict the orc.
The orc escapes!
The orc priest struggles to escape constriction.
Casting: Borgnjor's Vile Clutch (dangerous; 4% risk of failure)
Confirm with . or Enter, or press ? or * to list all spells.
Aiming: Borgnjor's Vile Clutch (dangerous; 4% risk of failure)
Press: ? - help, Shift-Dir - straight line, f/p - orc
Aim: an orc, wielding a +0 whip and wearing a +0 chain mail (heavily wounded, 100% to hit)
Zombie hands grab the orc.
The zombie hands constrict the orc priest!
You kill the orc priest!
Makhleb accepts your kill.
You feel better.
The zombie hands constrict the orc!
You kill the orc!
Makhleb accepts your kill.
You feel better.
Donald says, "I just stubbed my toe.
Does that mean I'm cleansed?"
Donald hits you with a +0 long sword. Donald attacks as you move away!
Donald hits you with a +0 long sword!!
* * * LOW HITPOINT WARNING * * *
Donald hits you with a +0 long sword!!
You die...

##....#...### #.....#...#.##
####...###.....#
#......####...## ###
####...##......# ##.##
.##....##.....##### #...##
.###....#....###..######...#
...####.....#)#....##.o...###
...)[.......)..@@...........###
.#..)..##.....)>#........#....#
###...#.#.......###....###....##
# #...#####..)####.....####....#
###.....#......###......##.....#
.......##......#.............###
...#........##......#.......##
..###.#.....#.......#.......#
.## ####...#....#....#.#.####


You could see Donald (fast, strong) and an orc warrior.

Vanquished Creatures
  2 hydras (Lair:4)
  A centaur warrior (D:11)
  A boulder beetle (Lair:2)
  8 death yaks
  2 two-headed ogres
  Urug (Lair:1)
  A tengu warrior (D:11)
  Sonja (Lair:3)
  A skyshark (Lair:5)
  A pharaoh ant (Lair:2)
  A lindwurm (Lair:5)
  4 elephants
  3 black mambas
  A gargoyle (D:11)
  A torpor snail (Lair:1)
  2 unseen horrors
  9 cane toads
  A kobold demonologist (D:10)
  5 rime drakes
  7 komodo dragons
  An efreet (D:11)
  A tarantella (Lair:2)
  3 trolls
  2 hornets
  2 polar bears
  Prince Ribbit (D:5)
  11 blink frogs
  18 dream sheep
  A jumping spider (Lair:2)
  A shadow (D:11)
  4 wyverns
  A dire elephant simulacrum (Lair:5)
  14 yaks
  4 basilisks
  A golden eye (shapeshifter) (D:8)
  A steam dragon (D:8)
  Grum (D:9)
  3 wargs (D:9)
  2 acid dragons
  13 water moccasins
  9 orc warriors
  A black bear (Lair:4)
  An ice beast (D:5)
  18 wolves
  6 ogres
  8 centaurs
  14 kobold brigands
  4 gnoll sergeants
  7 bullfrogs
  2 scorpions (D:5)
  5 wights (D:9)
  6 howler monkeys
  A human zombie (D:5)
  3 hounds
  A jelly (D:7)
  7 orc priests
  An iguana (D:6)
  8 orc wizards
  Ijyb (D:5)
  4 sleepcaps
  8 mummies (Ossuary)
  7 adders
  20 gnolls
  2 white imps
  3 worms
  2 dart slugs (D:2)
  53 orcs
  2 ball pythons
  5 bats
  9 endoplasms
  2 giant cockroaches
  4 gnoll zombies (Ossuary)
  11 goblins
  2 hobgoblins
  3 jackals (D:2)
  44 kobolds
  2 quokkas
  2 frilled lizards (D:1)
  A goblin zombie (D:5)
  3 hobgoblin zombies (Ossuary)
  An orc zombie (Ossuary)
  5 rats
436 creatures vanquished.

Vanquished Creatures (collateral kills)
  2 orc knights (Bailey)
  4 orc warriors
  2 orcs (D:7)
  16 foxfires
24 creatures vanquished.

Vanquished Creatures (others)
  1349 foxfires
  29 fungi
  15 plants
  9 withered plants (Lair:5)
1402 creatures vanquished.

Grand Total: 1862 creatures vanquished

Notes
Turn   | Place    | Note
-------+----------+-------------------------------------------
     0 | D:1      | Lobster4 the Djinni Fire Elementalist began the quest for
                  | the Orb.
     0 | D:1      | Lobster4 set off with the following spells memorised:
                  | Foxfire, Scorch, Kindle Blastsparks, Inner Flame, Flame
                  | Wave.
     0 | D:1      | Reached XP level 1. HP: 15/15 MP: 0/0
   148 | D:1      | Reached XP level 2. HP: 18/21 MP: 0/0
   160 | D:1      | Found Feroy's Jewellery Emporium.
   193 | D:1      | Found a faded altar of an unknown god.
   818 | D:1      | Reached XP level 3. HP: 21/26 MP: 0/0
   818 | D:1      | Learned a level 1 spell: Beastly Appendage
   845 | D:2      | Reached skill level 1 in Fighting
  1088 | D:2      | Noticed Sigmund
  1137 | D:2      | Reached skill level 1 in Armour
  1137 | D:2      | Reached XP level 4. HP: 28/32 MP: 0/0
  1433 | D:2      | Reached skill level 3 in Spellcasting
  2366 | D:3      | Reached XP level 5. HP: 27/37 MP: 0/0
  2366 | D:3      | Learned a level 2 spell: Passwall
  2701 | D:3      | Identified the +7 dagger of the Heavens {drain, *Corrode
                  | rC++ Str+3 Stlth+}
  2711 | D:3      | Reached skill level 1 in Short Blades
  2911 | D:4      | Found a sacrificial altar of Ru.
  3006 | D:4      | Reached XP level 6. HP: 12/43 MP: 0/0
  3471 | D:5      | Entered Level 5 of the Dungeon
  3508 | D:5      | Noticed an ogre
  3591 | D:5      | Found an ornate altar of the Wu Jian Council.
  3628 | D:5      | Reached XP level 7. HP: 31/49 MP: 0/0
  3628 | D:5      | Learned a level 3 spell: Portal Projectile
  3681 | D:5      | Found a sand-covered staircase.
  3687 | Ossuary  | Entered an ossuary
  3884 | Ossuary  | Reached skill level 4 in Spellcasting
  4490 | D:5      | Noticed Ijyb
  4499 | D:5      | Killed Ijyb
  4501 | D:5      | Noticed Prince Ribbit
  4506 | D:5      | Killed Prince Ribbit
  4507 | D:5      | Reached XP level 8. HP: 30/56 MP: 0/0
  4620 | D:5      | Found a bloodstained altar of Trog.
  5103 | D:6      | Found Harism's Antique Armour Shop.
  5107 | D:6      | Bought a bloodstained robe for 102 gold pieces
  5107 | D:6      | Identified the +2 robe of the Wasteland {Fly rPois Int-2}
                  | (You bought it in a shop on level 6 of the Dungeon)
  5110 | D:6      | Bought a glowing leather armour for 90 gold pieces
  5225 | D:6      | Reached skill level 5 in Spellcasting
  5347 | D:6      | Reached skill level 5 in Dodging
  5400 | D:6      | Found a staircase to the Ecumenical Temple.
  5418 | Temple   | Entered the Ecumenical Temple
  5564 | Temple   | Became a worshipper of Makhleb the Destroyer
  5636 | D:6      | Reached XP level 9. HP: 16/62 MP: 0/0
  5636 | D:6      | Learned a level 3 spell: Vhi's Electric Charge
  6310 | D:7      | Reached skill level 1 in Evocations
  6394 | D:7      | Killed an unseen horror
  6395 | D:7      | Reached skill level 1 in Throwing
  6395 | D:7      | Reached skill level 1 in Invocations
  6427 | D:7      | Found a flagged portal.
  6475 | Bailey   | Entered a bailey
  6561 | Bailey   | Reached * piety under Makhleb
  6809 | Bailey   | Reached skill level 6 in Spellcasting
  6811 | Bailey   | Noticed an orc knight
  6829 | Bailey   | Noticed an orc knight
  6830 | Bailey   | Reached skill level 5 in Armour
  6831 | Bailey   | Killed an orc knight
  6832 | Bailey   | Reached skill level 5 in Fighting
  6832 | Bailey   | Reached XP level 10. HP: 45/70 MP: 0/0
  6838 | Bailey   | Killed an orc knight
  6950 | Bailey   | Found an iron altar of Okawaru.
  7026 | D:7      | Reached skill level 7 in Spellcasting
  7035 | D:7      | Identified a scroll of acquirement
  7518 | D:7      | Found a glowing golden altar of the Shining One.
  7975 | D:8      | Found a blossoming altar of Fedhas.
  8899 | D:8      | Found a sparkling altar of Nemelex Xobeh.
  9148 | D:9      | Reached ** piety under Makhleb
  9148 | D:9      | Noticed Grum
  9231 | D:9      | Noticed a two-headed ogre
  9239 | D:9      | Killed a two-headed ogre
  9240 | D:9      | Reached skill level 8 in Spellcasting
  9240 | D:9      | Reached XP level 11. HP: 72/78 MP: 0/0
  9240 | D:9      | Learned a level 5 spell: Yara's Violent Unravelling
  9316 | D:9      | Found a staircase to the Lair.
  9765 | D:9      | Killed Grum
  9905 | D:1      | Bought an amulet of reflection for 300 gold pieces
 10030 | D:6      | Bought a bloodstained scale mail for 162 gold pieces
 10030 | D:6      | Identified the +5 scale mail "Feos" {rC+ rN++} (You bought
                  | it in a shop on level 6 of the Dungeon)
 10353 | D:9      | Reached *** piety under Makhleb
 10668 | D:10     | Entered Level 10 of the Dungeon
 10781 | D:10     | Found a stormy altar of Qazlal.
 10789 | D:10     | Noticed a two-headed ogre
 10796 | D:10     | Killed a two-headed ogre
 10797 | D:10     | Reached skill level 9 in Spellcasting
 10916 | D:10     | Reached skill level 1 in Shields
 11030 | D:10     | Found a staircase to the Orcish Mines.
 11265 | D:10     | Found a shadowy altar of Dithmenos.
 11437 | D:10     | Found an iron altar of Okawaru.
 11456 | D:10     | Found Voducrat's Armour Shop.
 11551 | D:10     | Identified the +2 leather armour of Paolupua {+Inv Will-
                  | Str+3 Int+2}
 11674 | D:11     | Reached **** piety under Makhleb
 12195 | D:11     | Reached XP level 12. HP: 46/87 MP: 0/0
 12593 | D:11     | Found a runed translucent door.
 12594 | D:11     | Noticed a centaur warrior
 12594 | D:11     | Noticed a tengu warrior
 12594 | D:11     | Noticed a tengu warrior
 12594 | D:11     | Noticed a tengu warrior
 12625 | D:11     | Killed a tengu warrior
 12632 | D:11     | Killed a centaur warrior
 12773 | Lair:1   | Entered Level 1 of the Lair of Beasts
 12901 | Lair:1   | Noticed Urug
 12917 | Lair:1   | Killed Urug
 13111 | Lair:1   | Noticed a death yak
 13124 | Lair:1   | Noticed a death yak
 13159 | Lair:1   | HP: 4/88 [death yak[a torpor snail] (9)]
 13165 | Lair:1   | Reached skill level 10 in Spellcasting
 13173 | Lair:1   | Killed a death yak
 13376 | Lair:1   | Noticed a death yak
 13388 | Lair:1   | Noticed a death yak
 13389 | Lair:1   | Killed a death yak
 13392 | Lair:1   | Noticed a death yak
 13399 | Lair:1   | Killed a death yak
 13408 | Lair:1   | Killed a death yak
 13475 | Lair:1   | Killed a death yak
 13653 | Lair:1   | Reached XP level 13. HP: 92/94 MP: 0/0
 13653 | Lair:1   | Learned a level 5 spell: Borgnjor's Vile Clutch
 14241 | Lair:2   | Found a hole to the Spider Nest.
 14251 | Lair:2   | Reached ***** piety under Makhleb
 14252 | Lair:2   | Reached skill level 5 in Shields
 15256 | Lair:2   | Found a stormy altar of Qazlal.
 15551 | Lair:2   | Found a staircase to the Swamp.
 15781 | Lair:3   | Reached skill level 11 in Spellcasting
 15783 | Lair:3   | Identified the +6 dagger "Wuvafeho" {flame, rElec Str-3
                  | Int+3}
 15932 | Lair:3   | Identified the ring "Joovuun" {Will+ rCorr MP+9}
 16192 | Lair:3   | Noticed Rupert
 16451 | Lair:3   | Noticed Sonja
 16459 | Lair:3   | Killed Sonja
 16770 | Lair:4   | Noticed a six-headed hydra
 16779 | Lair:4   | Killed a six-headed hydra
 16780 | Lair:4   | Reached skill level 10 in Fighting
 17062 | Lair:4   | Noticed a five-headed hydra
 17072 | Lair:4   | Killed a five-headed hydra
 17629 | Lair:5   | Entered Level 5 of the Lair of Beasts
 18005 | Lair:5   | Reached XP level 14. HP: 72/103 MP: 0/0
 18458 | Lair:5   | Found a staircase to the Slime Pits.
 18526 | Lair:5   | Noticed a dire elephant
 18526 | Lair:5   | Noticed a dire elephant
 19015 | Lair:5   | Reached skill level 12 in Spellcasting
 19645 | Orc:1    | Entered Level 1 of the Orcish Mines
 20121 | Orc:2    | Entered Level 2 of the Orcish Mines
 20343 | Orc:2    | Identified the +3 kite shield of Hairiness {rPois}
 20343 | Orc:2    | Noticed Donald
 20450 | Orc:1    | Demolished by Donald

Illustrated notes

Levels and vault maps discovered:
D:1:      elethiomel_arrival_maze, layout_basic, serial_shops, shop,
          basic_ecumenical_altar
D:2:      layout_basic, st_stairs_9, minmay_split_cup_small, uniq_sigmund
D:3:      layout_basic
D:4:      layout_cave_pools, nicolae_ru_sacrificial_ziggurat,
          minmay_misc_feat_diagonals
D:5:      layout_gridville, mainiacjoe_overflow_catwalk,
          nicolae_wu_jian_wuxing_cycle, enter_ossuary_3, uniq_prince_ribbit1,
          uniq_ijyb
D:6:      layout_basic, minmay_temple_entry_glass, serial_shops,
          nicolae_shop_advertising_works [nicolae_subvault_shop_adworks]
D:7:      layout_layer_cave, tso_oasis_becter, enter_bailey_5
D:8:      layout_basic, fedhas_bush_and_centaur_altar,
          nemelex_diamond_rough_becter, minmay_between
D:9:      layout_loops_ring, erik_lair_orcish_takeover, uniq_grum
D:10:     layout_loops_ring, mainiacjoe_overflow_alcove_2,
          okawaru_metal_pillars_1_2, grunt_qazlal_clouds,
          mainiacjoe_overflow_small_starburst, hiddenorc1_lemuel, serial_shops,
          nicolae_shop_stone, minmay_misc_feat_tower
D:11:     minmay_the_grid_triangle_9x9_recursive_2
          [minmay_the_grid_triangle_9x9_prize_top_heavy,
          minmay_the_grid_triangle_9x9_fully_insulated_deathbox,
          minmay_the_grid_triangle_9x9_tough_junction,
          minmay_the_grid_triangle_9x9_flanged_cone], layout_stronghold
Temple:   chequers_temple_sunken
Lair:1:   layout_chaotic_city, chequers_serial_rivers_large_a,
          serial_bayou_shore_b, grunt_megastairs_2, uniq_urug
Lair:2:   layout_cave_pods, swamp_mist, nicolae_spider_entry_lesser_pyramids,
          basic_altar
Lair:3:   layout_cave_pods, infiniplex_staircase_pool_2, uniq_rupert, uniq_sonja
Lair:4:   layout_loops_ring
Lair:5:   due_jungle_book, layout_big_grid, slime_entry_1, grunt_megastairs_5
Orc:1:    hellmonk_paralyzer, layout_diamond_mine
Orc:2:    st_orc_elflike, layout_caves, serial_shops, shop_coins,
          statue_in_the_mist_lemuel, uniq_donald

Skill      XL: |  1  2  3  4  5  6  7  8  9 10 11 12 13 14 |
---------------+-------------------------------------------+-----
Fighting       | 1 2 3 4 5 6 8 9 10 | 10.8
Armour         | 1 2 3 4 5 6 7 9 |  9.8
Stealth        | 2 |  2.0
Spellcasting   | 3 4 5 6 8 9 10 11 12 | 12.2
Dodging        | 3 4 5 6 8 |  8.0
Short Blades   | 1 2 |  2.0
Evocations     | 3 |  3.0
Throwing       | 2 3 |  3.0
Invocations    | 3 |  3.0
Shields        | 2 4 6 7 |  7.5

Action                     |  1- 3 |  4- 6 |  7- 9 | 10-12 | 13-15 || total
---------------------------+-------+-------+-------+-------+-------++-------
  Melee: Dagger            |     1 |       |     5 |    11 |       ||    17
   Fire: Sling             |       |       |       |       |     1 ||     1
  Throw: Boomerang         |       |     3 |       |       |       ||     3
         Dart              |       |       |     1 |     6 |     2 ||     9
         Throwing net      |       |       |       |     1 |       ||     1
   Cast: Foxfire           |    39 |    77 |   194 |   282 |   228 ||   820
         Scorch            |    14 |    42 |    54 |   192 |   127 ||   429
         Inner Flame       |       |       |       |    11 |     1 ||    12
         Vhi's Electric Ch |       |       |       |     1 |       ||     1
         Kindle Blastspark |       |       |       |     3 |       ||     3
         Borgnjor's Vile C |       |       |       |       |   129 ||   129
  Evoke: Wand              |       |       |     8 |     3 |       ||    11
    Use: Potion            |       |     1 |     1 |     3 |     5 ||    10
         Scroll            |       |     6 |    17 |     8 |     5 ||    36
   Stab: Paralysed         |       |       |       |     2 |       ||     2
 Armour: Robe              |     4 |     2 |     1 |       |       ||     7
         Leather armour    |       |       |    10 |    13 |       ||    23
         Scale mail        |       |       |       |    30 |    48 ||    78
  Dodge: Dodged            |    16 |     7 |    18 |    69 |    60 ||   170
  Block: Other             |       |       |       |    27 |    28 ||    55
         Reflection        |       |       |       |     5 |       ||     5

Table legend: (Time is in decaauts)
 A = Elapsed time spent in this place.
 B = Non-inter-level travel time spent in this place.
 C = Inter-level travel time spent in this place.
 D = Time resting spent in this place.
 E = Time spent auto-exploring this place.
 F = Levels seen in this place.
 G = Mean time per level.
                   A        B        C        D        E       F      G
               +--------+--------+--------+--------+--------+-----+--------+
         Total |  20450 |  19101 |   1349 |   3896 |  12094 |  21 |  973.8 |
       Dungeon |  11673 |  10652 |   1021 |   1799 |   7040 |  11 | 1061.2 |
        Temple |    164 |    164 |      0 |      0 |    135 |   1 |  164.0 |
          Lair |   6819 |   6501 |    318 |   1402 |   4166 |   5 | 1363.8 |
  Orcish Mines |    807 |    798 |      9 |    278 |    412 |   2 |  403.5 |
       Ossuary |    466 |    466 |      0 |    100 |    251 |   1 |  466.0 |
        Bailey |    518 |    518 |      0 |    317 |     90 |   1 |  518.0 |
               +--------+--------+--------+--------+--------+-----+--------+

Top non-repeatable levels by time:
  Lair:4: 1544 daAuts
  Lair:2: 1488 daAuts
  Lair:1: 1456 daAuts
     D:7: 1346 daAuts
     D:9: 1317 daAuts
  Lair:5: 1264 daAuts
     D:8: 1174 daAuts
     D:6: 1118 daAuts
     D:3: 1083 daAuts
    D:11: 1074 daAuts
  Lair:3: 1067 daAuts
     D:2: 1005 daAuts
    D:10: 922 daAuts
     D:4: 919 daAuts
     D:1: 899 daAuts
